 Dungeon Crawl Stone Soup version 0.30-a0-347-gf58ed5266c (webtiles) character file.

Game seed: 3173430642970025327

221 porpoise the Shooter (level 5, -1/33 HPs)
             Began as a Tengu Hunter on Nov 7, 2022.
             Slain by Crazy Yiuf
             ... wielding a +2 quarterstaff of chaos
              (7 damage)
             ... on level 3 of the Dungeon.
             The game lasted 00:06:49 (2650 turns).

porpoise the Shooter (Tengu Hunter)                 Turns: 2650, Time: 00:06:50

Health: -1/33      AC:  6    Str: 11    XL:     5   Next: 98%
Magic:  6/6        EV: 13    Int:  9    God:
Gold:   52         SH:  0    Dex: 20    Spells: 4/4 levels left

rFire   . . .      SeeInvis .    a - +0 shortbow
rCold   . . .      Faith    .    (shield currently unavailable)
rNeg    . . .      Spirit   .    u - +0 ring mail
rPois   .          Reflect  .    (helmet restricted)
rElec   .          Harm     .    d - +0 cloak
rCorr   .          Rampage  .    (no gloves)
Will    .....                    (boots unavailable)
Stlth   +.........               (no amulet)
HPRegen 0.25/turn                (no ring)
MPRegen 0.10/turn                (no ring)

@: flying quickly and evasively, quick
A: beak, talons 3, nimble flight
a: no special abilities


You were on level 3 of the Dungeon.
You visited 1 branch of the dungeon, and saw 3 of its levels.

You collected 117 gold pieces.
You spent 65 gold pieces at shops.

Inventory:

Hand Weapons
 a - a +0 shortbow (weapon)
 b - a +0 short sword
Missiles
 c - 2 boomerangs
 h - 4 poisoned darts
 p - 3 javelins
Armour
 d - a +0 cloak (worn)
 u - a +0 ring mail (worn)
Wands
 v - a wand of flame (9)
Scrolls
 e - a scroll of fear {unknown}
 i - a scroll of immolation
 l - 2 scrolls of vulnerability {unknown}
 m - 4 scrolls of teleportation
 r - a scroll of enchant armour {unknown}
 s - a scroll of enchant weapon {unknown}
 t - a scroll of summoning {unknown}
Potions
 f - a potion of lignification
 g - 4 potions of heal wounds
 j - a potion of attraction
 k - a potion of berserk rage
 n - a potion of ambrosia {unknown}
 o - 3 potions of curing {unknown}
 q - 2 potions of brilliance {unknown}


   Skills:
 + Level 3.7 Fighting
 * Level 6.7 Ranged Weapons
 - Level 2.1 Dodging
 - Level 1.0 Stealth


You had 4 spell levels left.
You didn't know any spells.
Your spell library contained the following spells:

 Spells                   Type           Power      Damage    Failure   Level
 Dazzling Flash           Conj/Hex       0%         N/A       96%         3
 Agony                    Necr           0%         N/A       100%        5
 Silence                  Hex/Air        0%         N/A       100%        5


Dungeon Overview and Level Annotations

Branches:
Dungeon (3/15)

Altars:
Elyvilon
Xom

Shops:
D:2 ?

Annotations:
D:3 Crazy Yiuf


Innate Abilities, Weirdness & Mutations

You have a beak for a mouth.
You have claws for feet.
Your magical nature lets you fly swiftly and evasively.


Message History

You feel sick.
You feel sick.
You feel sick.
You feel sick.
You feel sick.
You are no longer poisoned.
There is a stone staircase leading up here.
You see here a +0 leather armour.
There is a stone staircase leading up here.
l - 2 scrolls labelled LALEVO MAXO (gained 1)
You see here a +0 leather armour.
Found a hammer.
Found a runed translucent door.
Crazy Yiuf shouts!
You reach down and open the door.
You shoot an arrow. The arrow barely misses Crazy Yiuf.
Crazy Yiuf grits, "Millenium hand leg!"
Crazy Yiuf hits you with a +2 quarterstaff of chaos.
You shoot an arrow. The arrow barely misses Crazy Yiuf.
Crazy Yiuf hits you with a +2 quarterstaff of chaos!
You shoot an arrow. The arrow hits Crazy Yiuf.
Crazy Yiuf is moderately wounded.
Crazy Yiuf hits you with a +2 quarterstaff of chaos!
You are too injured to fight recklessly!
You are too injured to fight recklessly!
Unknown command.
Fire: a) +0 shortbow
Press: ? - help, Q - select action, (/) - cycle Shift-Dir - straight line, f/p - Crazy Yiuf
Aim: Crazy Yiuf, wielding a +2 quarterstaff of chaos and wearing a +0 cloak (moderately wounded, 69% to hit)
You shoot an arrow. The arrow hits Crazy Yiuf.
Crazy Yiuf is heavily wounded.
Crazy Yiuf hits you with a +2 quarterstaff of chaos.
* * * LOW HITPOINT WARNING * * *
Crazy Yiuf freezes you.
* * * LOW HITPOINT WARNING * * *
Fire: a) +0 shortbow
Press: ? - help, Q - select action, (/) - cycle Shift-Dir - straight line, f/p - Crazy Yiuf
Aim: Crazy Yiuf, wielding a +2 quarterstaff of chaos and wearing a +0 cloak (heavily wounded, 69% to hit)
You shoot an arrow. The arrow barely misses Crazy Yiuf.
Crazy Yiuf hits you with a +2 quarterstaff of chaos!
You die...

#..#.##### #....#...#
#.##.#.<.# ##### #.##.#...#
#..)# ###.#..#._.# #...#
#......#...# ...
#.#....##### #g#
#.###....... ♣♣@♣
#.##...##... ♣.♣♣
#.##.#.###.. ♣♣.♣ #......#
#.. ♣.♣♣ ####.### #.# ♣♣.♣♣
#.# #.# ♣...♣♣ #.# #.# ####
♣....♣ #.# ###.# ..####
#....# #.###....
#.##.###....#######.....#.#


You could see Crazy Yiuf.

Vanquished Creatures
  An orc priest (D:3)
  Ijyb (D:3)
  An orc wizard (D:3)
  7 adders
  A worm (D:3)
  2 dart slugs
  10 orcs (D:3)
  3 endoplasms
  A giant cockroach (D:2)
  7 goblins
  4 hobgoblins
  A jackal (D:2)
  A quokka (D:1)
  2 ball pythons
  2 bats (D:2)
  4 frilled lizards
  4 kobolds
  5 rats
57 creatures vanquished.

Vanquished Creatures (others)
  An orc wizard (D:3)
1 creature vanquished.

Grand Total: 58 creatures vanquished

Notes
Turn   | Place    | Note
-------+----------+-------------------------------------------
     0 | D:1      | porpoise the Tengu Hunter began the quest for the Orb.
     0 | D:1      | Reached XP level 1. HP: 12/12 MP: 2/2
   508 | D:1      | Reached XP level 2. HP: 17/17 MP: 3/3
   933 | D:2      | Reached skill level 5 in Ranged Weapons
  1004 | D:2      | Reached XP level 3. HP: 17/22 MP: 4/4
  1052 | D:2      | Found Gexojeddin's Magic Scroll Emporium.
  1072 | D:2      | Bought a scroll of teleportation for 39 gold pieces
  1072 | D:2      | Bought a scroll of identify for 26 gold pieces
  1167 | D:2      | Found a shimmering altar of Xom.
  1199 | D:2      | Reached XP level 4. HP: 27/27 MP: 5/5
  1837 | D:3      | Reached skill level 6 in Ranged Weapons
  1851 | D:3      | Gained mutation: Your magical nature lets you fly swiftly
                  | and evasively. [Tengu growth]
  1851 | D:3      | Reached XP level 5. HP: 22/32 MP: 6/6
  2177 | D:3      | Found a white marble altar of Elyvilon.
  2247 | D:3      | Noticed Ijyb
  2252 | D:3      | Killed Ijyb
  2460 | D:3      | Found a faded altar of an unknown god.
  2641 | D:3      | Found a runed translucent door.
  2642 | D:3      | Noticed Crazy Yiuf
  2650 | D:3      | Slain by Crazy Yiuf

Illustrated notes

Levels and vault maps discovered:
D:1:      eino_arrival_tree_alley, layout_basic
D:2:      minmay_alternating_diamond, layout_loops_ring, serial_shops,
          nicolae_shop_window_shopping, basic_altar, minmay_misc_feat_enclosed
D:3:      layout_loops_cross, mainiacjoe_overflow_24_doors,
          nicolae_ecumenical_oubliette, minmay_misc_feat_pillars, uniq_ijyb,
          uniq_crazy_yiuf_cottage

Skill      XL: |  1  2  3  4 |
---------------+-------------+-----
Ranged Weapons | 5 6 |  6.7
Fighting       | 3 |  3.7
Dodging        | |  2.1
Stealth        | |  1.0

Action                   |  1- 3 |  4- 6 || total
-------------------------+-------+-------++-------
Melee: Short sword       |    11 |     4 ||    15
       Kick              |     3 |     1 ||     4
 Fire: Shortbow          |    57 |   125 ||   182
Throw: Dart              |       |     1 ||     1
  Use: Scroll            |     4 |       ||     4
Armor: Leather armour    |    10 |    18 ||    28
       Ring mail         |       |    14 ||    14
Dodge: Dodged            |    24 |    51 ||    75

Table legend: (Time is in decaauts)
 A = Elapsed time spent in this place.
 B = Non-inter-level travel time spent in this place.
 C = Inter-level travel time spent in this place.
 D = Time resting spent in this place.
 E = Time spent auto-exploring this place.
 F = Levels seen in this place.
 G = Mean time per level.
                   A        B        C        D        E       F      G
               +--------+--------+--------+--------+--------+-----+--------+
         Total |   2651 |   2615 |     36 |    301 |   1890 |   3 |  883.7 |
       Dungeon |   2651 |   2615 |     36 |    301 |   1890 |   3 |  883.7 |
               +--------+--------+--------+--------+--------+-----+--------+

Top non-repeatable levels by time:
     D:1: 929 daAuts
     D:2: 893 daAuts
     D:3: 828 daAuts
